 Dungeon Crawl Stone Soup version 0.19-a0-1704-gbd66c22 (webtiles) character file.

689 khekkus the Destroyer (level 7, 0/41 HPs)
             Began as a High Elf Conjurer on Sept 27, 2016.
             Was an Initiate of Vehumet.
             Slain by Blork the orc
             ... wielding a +5 glaive of freezing
              (7 damage)
             ... on level 5 of the Dungeon.
             The game lasted 00:16:58 (5570 turns).

khekkus the Destroyer (High Elf Conjurer)           Turns: 5570, Time: 00:16:59

Health: 0/41       AC:  4    Str: 10    XL:     7   Next: 36%
Magic:  1/11       EV: 13    Int: 20    God:    Vehumet [......]
Gold:   121        SH:  0    Dex: 16    Spells: 3 memorised, 2 levels left

rFire  + . .     SeeInvis .     d - +0 short sword
rCold  + . .     Gourm    .     m - +1 robe {MR+}
rNeg   . . .     Faith    .     (no shield)
rPois  +         Spirit   .     (no helmet)
rElec  +         Dismiss  .     (no cloak)
rCorr  +         Reflect  .     (no gloves)
MR     +....     Harm     .     (no boots)
Stlth  ++........ Clarity  +    (no amulet)
                                (no ring)
                                (no ring)

@: resistant
A: clarity, strong 1
a: Renounce Religion


You were on level 5 of the Dungeon.
You worshipped Vehumet.
Vehumet was noncommittal.
You were not hungry.

You visited 2 branches of the dungeon, and saw 6 of its levels.

You collected 121 gold pieces.

Inventory:

Hand Weapons
 d - a +0 short sword (weapon)
Armour
 m - a +1 robe of magic resistance (worn)
 n - a +0 mottled dragon armour
Wands
 a - a wand of random effects (21/48)
Scrolls
 g - a scroll of remove curse
 j - a scroll of immolation
Potions
 h - a potion of curing
 i - 2 potions of flight
Books
 b - a book of Conjurations

   Spells                             Type                      Level
   a - Magic Dart                     Conjuration                  1
   b - Searing Ray                    Conjuration                  2
   c - Dazzling Spray                 Conjuration/Hexes            3
   d - Fulminant Prism                Conjuration/Hexes            4
   e - Iskenderun's Mystic Blast      Conjuration                  4
   f - Iskenderun's Battlesphere      Conjuration/Charms           5
Comestibles
 c - a bread ration
 k - a royal jelly


   Skills:
 - Level 2.1 Dodging
 - Level 2.1 Stealth
 - Level 2.4 Spellcasting
 + Level 8.8 Conjurations
 + Level 4.7 Charms


You had 2 spell levels left.
You knew the following spells:

 Your Spells              Type           Power        Failure   Level  Hunger
a - Magic Dart            Conj           ####         1%          1    #......
b - Searing Ray           Conj           #####.       1%          2    ##.....
c - Iskenderun's Battles  Conj/Chrm      ####....     30%         5    ######.


Dungeon Overview and Level Annotations

Branches:
Dungeon (5/15)             Temple (1/1) D:4

Altars:
Ashenzari
Cheibriados
Dithmenos
Elyvilon
Fedhas
Gozag
Hepliaklqana
Kikubaaqudgha
Makhleb
Nemelex Xobeh
Okawaru
Qazlal
Ru
Sif Muna
Trog
Uskayaw
Vehumet
Xom
Yredelemnul
Zin
The Shining One

Annotations:
D:5 Blork the orc


Innate Abilities, Weirdness & Mutations

You possess an exceptional clarity of mind.
Your muscles are strong. (Str +2)


Message History

Casting: Searing Ray
Confirm with . or Enter, or press ? or * to list all spells.
Aiming: Searing Ray
Press: ? - help, Shift-Dir - straight line, f/p - Blork the orc
Aim: Blork the orc, wielding a glaive of freezing and wearing a glowing robe (severely wounded)
The searing ray hits Blork the orc.
Blork the orc is almost dead.
Blork the orc points at you and mumbles some strange words.
The magic dart hits you!
The searing ray hits Blork the orc.
Blork the orc is almost dead.
Blork the orc hits you from afar with a glaive of freezing!
* * * LOW HITPOINT WARNING * * *
Blork the orc freezes you.
* * * LOW HITPOINT WARNING * * *
Without enough magic to sustain it, your searing ray dissipates.
Okay, then.
You feel protected.
Blork the orc hits you from afar with a glaive of freezing!
You die...

#.##.#.#.....##.#
#.##.#.#.###.##.#
#.##.#.#.###.##'## ####
##.##.#...........# #...
#...#.#...........#
#...####...#.#...........#
.....................>...#
###....#...#.#.#.###.....#
#....#...#.#.#@# #..#.##
..#....##+##.#.#.# #..#.#
...............#o###..#.#
..##........<..#...#..#.#
. #....[......#.#.#..#.#
#####.......#.#.#..#.#
..............#..#.#
.....###..#...# #.#
......# o......


You could see Blork the orc.

Vanquished Creatures
  2 ogres (D:4)
  2 hounds (D:4)
  An orc priest (D:4)
  Terence (D:3)
  Natasha (thrice) (D:4)
  2 orc wizards (D:4)
  4 gnolls (D:3)
  11 adders
  A shadow imp (D:5)
  2 oozes
  7 worms
  2 dart slugs
  2 leopard geckos
  7 orcs
  6 giant cockroaches
  7 goblins
  10 hobgoblins
  7 jackals (D:4)
  6 quokkas
  2 ball pythons
  8 bats
  7 frilled lizards
  7 kobolds
  6 rats
113 creatures vanquished.

Notes
Turn   | Place    | Note
-------+----------+-------------------------------------------
     0 | D:1      | khekkus the High Elf Conjurer began the quest for the Orb.
     0 | D:1      | Reached XP level 1. HP: 11/11 MP: 4/4
   125 | D:1      | Reached XP level 2. HP: 17/17 MP: 4/6
   129 | D:1      | Learned a level 2 spell: Searing Ray
   179 | D:1      | Reached skill level 5 in Conjurations
   557 | D:1      | Reached XP level 3. HP: 21/21 MP: 4/7
   945 | D:2      | Reached skill level 6 in Conjurations
  1327 | D:2      | Reached XP level 4. HP: 15/27 MP: 0/8
  2394 | D:3      | Noticed Terence
  2425 | D:3      | Killed Terence
  2425 | D:3      | Reached skill level 7 in Conjurations
  2425 | D:3      | Reached XP level 5. HP: 11/31 MP: 6/9
  2917 | D:3      | Learned a level 5 spell: Iskenderun's Battlesphere
  3076 | D:3      | Reached skill level 1 in Charms
  3592 | D:4      | Noticed an ogre
  3600 | D:4      | Killed an ogre
  3600 | D:4      | Reached XP level 6. HP: 36/36 MP: 2/10
  3788 | D:4      | Reached skill level 8 in Conjurations
  3942 | D:4      | Noticed Natasha
  3948 | D:4      | Killed Natasha
  4087 | D:4      | Found a staircase to the Ecumenical Temple.
  4098 | Temple   | Entered the Ecumenical Temple
  4205 | Temple   | Became a worshipper of Vehumet
  4277 | D:4      | Noticed Natasha
  4284 | D:4      | Killed Natasha
  4652 | D:4      | Reached XP level 7. HP: 27/41 MP: 7/11
  4779 | D:4      | Noticed Natasha
  4783 | D:4      | Killed Natasha
  5275 | D:4      | Gained mutation: You possess an exceptional clarity of mind. [potion of beneficial mutation]
  5276 | D:4      | Gained mutation: Your muscles are strong. (Str +2) [potion of beneficial mutation]
  5362 | D:4      | Found a snail-covered altar of Cheibriados.
  5440 | D:5      | Entered Level 5 of the Dungeon
  5553 | D:5      | Noticed Blork the orc
  5570 | D:5      | Slain by Blork the orc

Vault maps used:
D:1:      lightli_arrival_boilingwater
D:2:      kennysheep_generic_room_11
D:3:      uniq_terence
D:4:      chei_slow_surprise, uniq_natasha
D:5:      wad_river_or_something, serial_shops, nicolae_shop_crystal,
          first_bread, dk_noncrumbling_3, uniq_crazy_yiuf_cottage,
          uniq_blork_the_orc
Temple:   kilobyte_greek_temple

Skill      XL: |  1  2  3  4  5  6 |
---------------+-------------------+-----
Conjurations   | 5 6 7 8 |  8.8
Charms         | 2 4 |  4.7
Dodging        | |  2.1
Stealth        | |  2.1
Spellcasting   | |  2.4

Action                   |  1- 3 |  4- 6 |  7- 9 || total
-------------------------+-------+-------+-------++-------
Melee: Short sword       |     2 |     9 |       ||    11
 Cast: Magic Dart        |    58 |    72 |    23 ||   153
       Searing Ray       |     5 |    27 |     9 ||    41
  Use: Scroll            |       |    11 |     3 ||    14
       Potion            |       |     2 |     3 ||     5
  Eat: Chunk             |     2 |     6 |       ||     8
       Meat ration       |       |     1 |       ||     1
       Bread ration      |       |     1 |       ||     1
Armor: Robe              |     3 |    11 |     1 ||    15
Dodge: Dodged            |     1 |    52 |     2 ||    55
